 Dungeon Crawl Stone Soup version 0.29.1-12-g30fa7ad0bf (webtiles) character file.

Game seed: 8175313416408101871

43 Hercules1031 the Trooper (level 3, -1/33 HPs)
             Began as a Minotaur Fighter on Dec 15, 2022.
             Slain by a gnoll
             ... wielding a +0 spear
              (2 damage)
             ... on level 2 of the Dungeon.
             The game lasted 00:01:47 (792 turns).

Hercules1031 the Trooper (Minotaur Fighter)          Turns: 792, Time: 00:01:48

Health: -1/33      AC:  7    Str: 22    XL:     3   Next: 37%
Magic:  2/2        EV:  9    Int:  5    God:
Gold:   58         SH:  4    Dex:  9    Spells: 2/2 levels left

rFire   x . .      SeeInvis .   a - +0 flail
rCold   + . .      Faith    .   c - +0 buckler
rNeg    . . .      Spirit   .   b - +0 scale mail
rPois   .          Reflect  .   (helmet restricted)
rElec   .          Harm     .   (no cloak)
rCorr   .          Rampage  .   (no gloves)
Will    .....                   (no boots)
Stlth   ..........              (no amulet)
HPRegen 0.11/turn               h - ring of ice
MPRegen 0.08/turn               (no ring)

@: no status effects
A: horns 2, retaliatory headbutt
a: no special abilities


You were on level 2 of the Dungeon.
You visited 1 branch of the dungeon, and saw 2 of its levels.

You collected 58 gold pieces.

Inventory:

Hand Weapons
 a - a +0 flail (weapon)
Armour
 b - a +0 scale mail (worn)
 c - a +0 buckler (worn)
Jewellery
 h - a ring of ice (left hand)
Scrolls
 g - a scroll of amnesia {unknown}
 i - 3 scrolls of magic mapping {unknown}
Potions
 d - a potion of might
 e - a potion of berserk rage {unknown}
 f - a potion of curing {unknown}
 j - a potion of mutation {unknown}
 k - a potion of attraction {unknown}


   Skills:
 + Level 4.1 Fighting
 + Level 3.1 Maces & Flails
 + Level 4.1 Armour
 + Level 4.1 Shields


You had 2 spell levels left.
You didn't know any spells.
Your spell library was empty.

Dungeon Overview and Level Annotations

Branches:
Dungeon (2/15)

Altars:


Innate Abilities, Weirdness & Mutations

You have a pair of horns on your head.
You reflexively headbutt those who attack you in melee.


Message History

The gnoll is almost dead.
The bat hits you. The gnoll hits you with a +0 club.
The adder closely misses you. You block the gnoll's attack.
The gnoll hits you but does no damage.
You barely miss the gnoll.
The gnoll is almost dead.
The bat hits you but does no damage. The adder closely misses you.
You block the gnoll's attack. x2; The gnoll hits you but does no damage.
The adder bites you.
You sock the gnoll!
You kill the gnoll!
You block the bat's attack.
The gnoll hits you from afar with a +0 spear.
The gnoll closely misses you. The adder barely misses you.
You block the hobgoblin's attack. The gnoll closely misses you.
The gnoll hits you but does no damage. The gnoll hits you with a +0 flail.
* * * LOW HITPOINT WARNING * * *
You hit the gnoll but do no damage. You headbutt the gnoll!
The gnoll is almost dead.
The bat hits you but does no damage. You block the adder's attack.
The adder bites you but does no damage. The gnoll barely misses you.
The gnoll hits you from afar with a +0 spear.
* * * LOW HITPOINT WARNING * * *
The hobgoblin closely misses you. You block the gnoll's attack.
You barely miss the gnoll.
The gnoll is almost dead.
The adder closely misses you. You furiously retaliate!
You headbutt the adder, but do no damage.
The bat closely misses you. The gnoll closely misses you.
The gnoll hits you from afar with a +0 spear.
* * * LOW HITPOINT WARNING * * *
The hobgoblin barely misses you.
The gnoll hits you from afar with a +0 spear.
* * * LOW HITPOINT WARNING * * *
The adder bites you but does no damage. The bat hits you but does no damage.
You thump the gnoll!
You kill the gnoll!
The bat hits you but does no damage.
The gnoll hits you from afar with a +0 spear.
You die...

#.......############
#.......#
####.......#
#..........##
#...........#
#......####.#
#......# .# #....g.#
# #..b..@#
#....S)######.
#...gg........
#.............
#.............
...............
...............
......##.......
.[.... .......


You could see 2 gnolls, an adder, a hobgoblin and a bat.

Vanquished Creatures
  2 gnolls (D:2)
  An adder (D:2)
  2 bats
  2 endoplasms (D:1)
  A giant cockroach (D:1)
  2 goblins (D:1)
  4 hobgoblins
  3 jackals (D:1)
  A frilled lizard (D:2)
  3 kobolds
  2 rats (D:1)
23 creatures vanquished.

Notes
Turn   | Place    | Note
-------+----------+-------------------------------------------
     0 | D:1      | Hercules1031 the Minotaur Fighter began the quest for the
                  | Orb.
     0 | D:1      | Reached XP level 1. HP: 19/19 MP: 0/0
    51 | D:1      | Reached XP level 2. HP: 23/27 MP: 1/1
   246 | D:1      | Found a faded altar of an unknown god.
   708 | D:2      | Reached XP level 3. HP: 32/33 MP: 2/2
   791 | D:2      | HP: 1/33 [gnoll/+0 spear (1)]
   792 | D:2      | Slain by a gnoll

Illustrated notes

Levels and vault maps discovered:
D:1:      zelgadis_glass_arrival_small, layout_rooms,
          shapermc_ecumenical_altar_hornbeckon
D:2:      layout_basic

Skill      XL: |  1  2 |
---------------+-------+-----
Fighting       | 4 |  4.1
Armour         | 4 |  4.1
Maces & Flails | 3 |  3.1
Shields        | 4 |  4.1

Action                   || total
-------------------------++-------
Melee: Flail             ||    50
       Headbutt          ||     8
Armor: Scale mail        ||    39
Dodge: Dodged            ||    44
Block: Buckler           ||    17
